 Dungeon Crawl Stone Soup version 0.30.1-9-gdf580d7c3d (webtiles) character file.

Game seed: 3763533059224664638

78 monsoonserge the Grasshopper (level 4, -7/33 HPs)
             Began as a Demonspawn Warper on Oct 17, 2023.
             Killed by divine providence
             ... invoked by an orc priest
              (13 damage)
             ... on level 3 of the Dungeon.
             The game lasted 00:04:54 (1475 turns).

monsoonserge the Grasshopper (Demonspawn Warper)    Turns: 1475, Time: 00:04:55

Health: -7/33      AC:  3    Str: 11    XL:     4   Next: 15%
Magic:  5/7        EV: 12    Int: 17    God:
Gold:   86         SH:  0    Dex: 20    Spells: 5/7 levels left

rFire   + . .        a - +0 falchion
rCold   . . .        (no shield)
rNeg    . . .        b - +0 leather armour
rPois   .            (no helmet)
rElec   .            (no cloak)
rCorr   .            (no gloves)
SInv    .            (no boots)
Will    .....        (no amulet)
Stlth   +++          i - +6 ring of dexterity
HPRegen 0.25/turn    s - ring of protection from fire
MPRegen 0.20/turn

%: no passive effects
@: on blink cooldown, invisible
A: thin skeletal structure 1, magic regeneration
a: no special abilities


You were on level 3 of the Dungeon.
You visited 1 branch of the dungeon, and saw 3 of its levels.

You collected 86 gold pieces.

Inventory:

Hand Weapons
 a - a +0 falchion (weapon)
 g - a +0 short sword
Missiles
 d - 7 boomerangs of dispersal (quivered)
 r - 2 poisoned darts
Armour
 b - a +0 leather armour (worn)
Jewellery
 f - a ring of ice
 i - a +6 ring of dexterity (left hand)
 s - a ring of protection from fire (right hand)
Scrolls
 c - a scroll of blinking
 e - 2 scrolls of enchant weapon {unknown}
 h - a scroll of poison {unknown}
 k - a scroll of fog {unknown}
 m - 2 scrolls of noise {unknown}
 t - a scroll of teleportation {unknown}
Potions
 l - a potion of attraction {unknown}
 n - a potion of heal wounds {unknown}
 o - a potion of resistance {unknown}
 p - a potion of degeneration {unknown}
 q - a potion of brilliance {unknown}


   Skills:
 + Level 2.2 Fighting
 + Level 2.6 Long Blades
 + Level 0.8 Throwing
 * Level 2.1 Armour
 + Level 2.3 Dodging
 + Level 0.5 Stealth
 - Level 2.0 Spellcasting
 + Level 2.8 Translocations


You had 5 spell levels left.
You knew the following spells:

 Your Spells              Type           Power      Damage    Failure   Level
a - Blink                 Tloc           22%        N/A       12%         2

Your spell library contained the following spells:

 Spells                   Type           Power      Damage    Failure   Level
 Lesser Beckoning         Tloc           22%        N/A       12%         2
 Teleport Other           Tloc           11%        N/A       24%         3
 Ensorcelled Hibernation  Hex/Ice        2%         N/A       36%         2
 Passwall                 Tmut/Erth      0%         N/A       36%         2
 Vhi's Electric Charge    Tloc/Air       12%        N/A       38%         3
 Swiftness                Air            1%         N/A       58%         3
 Manifold Assault         Tloc           11%        N/A       61%         4


Dungeon Overview and Level Annotations

Branches:
Dungeon (3/15)

Altars:
Qazlal

Annotations:
D:2 Sigmund


Innate Abilities, Weirdness & Mutations

You have a somewhat thin skeletal structure. (Dex +2, Stealth+)
You regenerate magic rapidly.


Message History

An orc comes into view.
It is wielding a +0 whip and quivering boomerangs of dispersal.
The rat barely misses you. The rat barely misses you.
The orc priest mumbles some strange prayers to Beogh against you.
Beogh smites you!
You closely miss the rat. The rat barely misses you.
You hit the rat.
The rat is heavily wounded.
The rat twitches its whiskers.
The rat closely misses you. The rat attacks as you move away!
The rat bites you but does no damage.
You closely miss the rat.
The rat is heavily wounded.
The rat barely misses you.
You completely miss the rat.
The rat is heavily wounded.
The giant cockroach bites you. The rat bites you.
You barely miss the rat.
The rat is heavily wounded.
The giant cockroach barely misses you. The rat bites you.
The orc priest looks encouraged for a moment.
The giant cockroach closely misses you. The rat bites you but does no damage.
Casting: Blink (safe; 12% risk of failure)
Confirm with . or Enter, or press ? or * to list all spells.
You blink.
The orc closely misses you.
The orc priest miscasts a cantrip.
The orc misses you.
Unknown command.
Okay, then.
It was a potion of invisibility.
You fade into invisibility!
The giant cockroach misses you. The orc closely misses you.
You hit the orc but do no damage. The giant cockroach bites you.
The rat bites you.
* * * LOW HITPOINT WARNING * * *
The orc hits you with a +0 hand axe.
* * * LOW HITPOINT WARNING * * *
The orc priest invokes the aid of Beogh against you.
Beogh smites you!
You die...

##...................†.......#
.......##....................##
.................#............#
...............).#...###......#
..............................#
+######...........#...........#
.....##.......................#
......#..........r...##########
......#........o@B...#
......#.........ooo..#
......###.........######.
.##... .......o........ ..#...#
................ ..#...#
......)......... ......+
................ .#....#
................ .#....#
...............


You could see 2 orc priests, 3 orcs, a giant cockroach (unable to see you) and a
rat (unable to see you).

Vanquished Creatures
  3 adders
  2 worms
  A dart slug (D:1)
  An orc (D:3)
  6 bats
  6 endoplasms
  A giant cockroach (D:1)
  4 goblins
  4 hobgoblins
  A quokka (D:1)
  4 ball pythons
  2 frilled lizards (D:1)
  2 kobolds
  5 rats
42 creatures vanquished.

Notes
Turn   | Place    | Note
-------+----------+-------------------------------------------
     0 | D:1      | monsoonserge the Demonspawn Warper began the quest for the
                  | Orb.
     0 | D:1      | Reached XP level 1. HP: 16/16 MP: 3/3
   120 | D:1      | Reached skill level 1 in Armour
   271 | D:1      | Gained mutation: You have a somewhat thin skeletal
                  | structure. (Dex +2, Stealth+) [demonic ancestry]
   271 | D:1      | Reached XP level 2. HP: 21/22 MP: 5/5
   274 | D:1      | Learned a level 2 spell: Blink
   835 | D:2      | Noticed Sigmund
   893 | D:2      | Gained mutation: You regenerate magic rapidly. [demonic
                  | ancestry]
   893 | D:2      | Reached XP level 3. HP: 27/27 MP: 6/6
  1074 | D:3      | Found a stormy altar of Qazlal.
  1313 | D:3      | Reached XP level 4. HP: 22/33 MP: 7/7
  1475 | D:3      | Killed from afar by an orc priest

Illustrated notes

Levels and vault maps discovered:
D:1:      elethiomel_arrival_shortcut, layout_basic
D:2:      layout_basic, uniq_sigmund
D:3:      layout_basic, lemuel_tele_altar, grunt_qazlal_sundering,
          shapermc_ecumenical_altar_rom_forum

Skill      XL: |  1  2  3 |
---------------+----------+-----
Armour         | 1 2 |  2.1
Dodging        | 2 |  2.3
Long Blades    | 2 |  2.6
Fighting       | |  2.2
Throwing       | |  0.8
Stealth        | |  0.5
Spellcasting   | |  2.0
Translocations | |  2.8

Action                     |  1- 3 |  4- 6 || total
---------------------------+-------+-------++-------
  Melee: Falchion          |    89 |    24 ||   113
   Cast: Blink             |       |     1 ||     1
    Use: Potion            |       |     1 ||     1
   Stab: Sleeping          |     3 |       ||     3
 Armour: Leather armour    |    17 |     5 ||    22
  Dodge: Dodged            |    54 |    21 ||    75
